Map: 莱瑞拉克之冠

Players

TIME (Oliveira) - Winner!

  • Race: Terran Terran
  • League: Master

iGJim

  • Race: Protoss Protoss
  • League: Master

Event: GPL 2015 - Grand Finals

VOD

Have the link to the VOD?

Description

Time

  • Played on: Jan. 16, 2016, 8:34 a.m.
  • Length: 9:58

All games in this series

Show
View Real Time Build Order
Export as new Build Order

TIME Terran - Winner!

Build Orders: 1/1/1, Liberator Opening 

Get SALT Encoding   

  12  0:00  SCV  
  13  0:12  SCV  
  14  0:17  Supply Depot  
  14  0:24  SCV  
  15  0:39  SCV  
  15  0:40  Barracks  
  16  0:45  Refinery  
  16  0:51  SCV  
  17  0:59  Refinery  
  17  1:03  SCV  
  18  1:15  SCV  
  19  1:28  Orbital Command, Marine  
  20  1:35  Factory  
  20  1:45  Supply Depot  
  20  1:47  Barracks Reactor  
  20  1:54  SCV  
  21  2:06  SCV  
  22  2:18  SCV  
  22  2:19  Widow Mine  
  22  2:20  Starport  
  25  2:23  Marine x2  
  25  2:28  Supply Depot  
  27  2:31  SCV  
  28  2:41  Marine x2  
  28  2:43  SCV  
  31  2:49  Factory Tech Lab  
  31  2:56  Medivac  
  33  3:00  Supply Depot, Marine x2  
  34  3:09  Cyclone, Liberator  
  37  3:18  Marine x2  
  42  3:36  Supply Depot  
  42  3:49  Command Center  
  42  3:58  Siege Tank  
  42  4:00  SCV  
  46  4:07  Liberator  
  45  4:12  SCV  
  45  4:14  Marine x2  
  46  4:24  SCV  
  50  4:31  Supply Depot  
  50  4:32  Marine  
  50  4:33  Marine  
  52  4:41  Siege Tank  
  55  4:52  Marine x2  
  55  4:53  SCV  
  56  5:05  SCV, Orbital Command  
  57  5:09  Medivac  
  59  5:14  Marine x2  
  59  5:17  Barracks  
  59  5:20  SCV  
  62  5:23  Siege Tank  
  65  5:31  SCV  
  65  5:32  SCV  
  67  5:36  Marine  
  67  5:37  Barracks  
  67  5:38  Liberator, Marine  
  72  5:58  SCV x2  
  72  6:00  Refinery x2  
  72  6:02  Supply Depot  
  74  6:04  Barracks Tech Lab  
  74  6:10  SCV  
  75  6:16  Marine x2  
  75  6:18  SCV  
  77  6:22  SCV, Supply Depot  
  77  6:23  Siege Tank  
  81  6:30  SCV  
  78  6:34  SCV, Marine  
  76  6:42  SCV, Marine x3  
  76  6:46  SCV  
  78  6:51  Marine  
  77  6:54  SCV, Starport Reactor  
  77  6:58  SCV  
  77  6:59  Engineering Bay  
  77  7:00  Marine  
  77  7:06  SCV  
  75  7:11  SCV, Marine x2  
  75  7:13  Stimpack  
  63  7:18  SCV  
  63  7:21  Marine  
  63  7:22  Marine  
  60  7:24  Barracks x2  
  61  7:30  Terran Infantry Weapons Level 1  
  61  7:32  Medivac  
  61  7:34  Medivac  
  61  7:36  Barracks Tech Lab, Marine  
  62  7:46  Factory Reactor, Marine x2  
  62  7:47  Liberator x2  
  64  7:56  Marauder, Combat Shields  
  64  7:57  Bunker, Marine  
  68  7:58  SCV  
  68  8:05  Marauder, Marine  
  77  8:06  SCV  
  77  8:10  SCV  
  71  8:13  Barracks Reactor  
  71  8:15  Marine  
  71  8:17  Marine  
  71  8:18  SCV  
  69  8:22  Widow Mine  
  69  8:23  Widow Mine  
  69  8:25  SCV  
  74  8:27  Supply Depot  
  74  8:30  Marauder  
  74  8:32  Concussive Shells  
  76  8:36  Marine  
  76  8:40  Marine  
  73  8:42  Marine  
  73  8:43  SCV  
  55  8:52  Marine  
  55  8:53  Marine  
  49  8:57  Marine  
  49  9:00  Marine  
  44  9:05  SCV  
  42  9:10  SCV  
  42  9:13  Marine  
  35  9:20  Marine  
  33  9:27  Marine  
  33  9:30  Marine  
  35  9:36  Marine  
  35  9:37  Marine  
Show
View Real Time Build Order
Export as new Build Order

iGJim Protoss 

Build Orders: 1 Gate Expand, Phoenix Opening 

Get SALT Encoding   

  12  0:00  Probe (Chrono Boost)  
  13  0:11  Probe (Chrono Boost)  
  14  0:17  Pylon  
  14  0:22  Probe (Chrono Boost)  
  15  0:35  Probe (Chrono Boost)  
  16  0:36  Gateway  
  16  0:42  Assimilator  
  16  0:45  Probe (Chrono Boost)  
  17  0:56  Probe (Chrono Boost)  
  18  1:07  Probe (Chrono Boost)  
  19  1:17  Probe (Chrono Boost)  
  20  1:25  Nexus  
  20  1:32  Cybernetics Core  
  20  1:35  Probe (Chrono Boost)  
  21  1:40  Assimilator  
  21  1:45  Probe (Chrono Boost)  
  22  1:49  Pylon  
  22  1:56  Probe (Chrono Boost)  
  23  2:07  Probe (Chrono Boost)  
  26  2:08  Adept (Chrono Boost), Warp Gate  
  26  2:19  Probe (Chrono Boost)  
  27  2:28  Stargate  
  27  2:30  Probe (Chrono Boost)  
  28  2:37  Probe (Chrono Boost)  
  28  2:41  Probe (Chrono Boost)  
  28  2:42  Adept  
  32  2:48  Probe (Chrono Boost)  
  33  2:51  Probe (Chrono Boost)  
  34  2:59  Probe (Chrono Boost)  
  34  3:02  Probe (Chrono Boost)  
  34  3:03  Pylon  
  36  3:08  Probe (Chrono Boost)  
  36  3:11  Phoenix (Chrono Boost)  
  36  3:12  Probe  
  40  3:18  Probe  
  41  3:20  Robotics Facility  
  41  3:24  Probe  
  42  3:30  Probe  
  42  3:31  Pylon  
  42  3:33  Phoenix (Chrono Boost)  
  45  3:37  Adept  
  45  3:38  Probe  
  45  3:40  Probe  
  48  3:49  Pylon  
  48  3:50  Mothership Core, Probe  
  48  3:53  Assimilator  
  51  3:58  Pylon  
  51  4:02  Probe  
  52  4:10  Probe  
  52  4:13  Phoenix (Chrono Boost)  
  52  4:19  Probe  
  52  4:23  Probe  
  53  4:24  Assimilator  
  53  4:25  Pylon, Observer (Chrono Boost)  
  53  4:31  Probe  
  56  4:33  Probe  
  56  4:38  Phoenix  
  59  4:43  Probe  
  59  4:44  Probe  
  58  4:51  Twilight Council  
  59  4:55  Probe  
  60  5:00  Pylon  
  60  5:03  Phoenix  
  61  5:07  Gateway  
  61  5:09  Gateway, Probe  
  61  5:10  Probe  
  61  5:11  Adept  
  61  5:13  Gateway, Observer (Chrono Boost)  
  66  5:19  Twilight Council, Probe  
  67  5:25  Probe  
  67  5:26  Pylon  
  67  5:28  Resonating Glaives (Chrono Boost)  
  68  5:30  Probe  
  68  5:33  Phoenix (Chrono Boost)  
  68  5:35  Adept  
  73  5:41  Immortal (Chrono Boost)  
  76  5:54  Pylon  
  76  5:56  Adept  
  76  5:57  Phoenix  
  80  6:06  Adept, Pylon  
  80  6:07  Adept  
  80  6:08  Adept  
  85  6:22  Phoenix  
  71  6:35  Adept x2  
  71  6:36  Immortal  
  71  6:37  Adept  
  53  6:49  Phoenix  
  53  6:52  Adept x2  
  45  6:56  Adept  
  45  6:57  Adept  
  45  7:09  Probe  
  44  7:21  Probe  
  44  7:22  Stalker x2  
  47  7:24  Warp Prism (Chrono Boost)  
  47  7:40  Adept x2  
  51  7:52  Adept x2  
  55  8:19  Adept x2  
  57  8:20  Adept x2  
  61  8:41  Adept x3  
  49  9:07  Adept x3  
  39  9:35  Stalker x2  
Tags
 
Add a new tag
Caveats
  • Supply blocks, unpowered buildings, or Contaminate may cause inaccurate times.
  • Supply counts are checked every 10 seconds.